 Dungeon Crawl Stone Soup version 0.27-a0-1202-ge72e49191c (webtiles) character file.

Game seed: 11815515701554338974

10648 robertstho the Frost Mage (level 11, -1/83 HPs)
             Began as a Gnoll Ice Elementalist on June 2, 2021.
             Was a Believer of Sif Muna.
             Slain by Urug
             ... wielding a +5 broad axe of electrocution
              (18 damage)
             ... on level 10 of the Dungeon.
             The game lasted 00:34:48 (13653 turns).

robertstho the Frost Mage (Gnoll Ice Elementalist) Turns: 13653, Time: 00:34:48

Health: -1/83      AC: 16    Str:  8    XL:     11   Next: 65%
Magic:  23/23      EV: 14    Int: 18    God:    Sif Muna [**....]
Gold:   998        SH:  5    Dex: 12    Spells: 3/26 levels left

rFire    . . .     SeeInvis +   D - +0 quarterstaff (spect)
rCold    + . .     Faith    .   (shield currently unavailable)
rNeg     . . .     Spirit   .   o - +2 leather armour {rC+}
rPois    .         Reflect  +   t - +2 hat
rElec    .         Harm     .   (no cloak)
rCorr    .         Rampage  .   d - +0 pair of gloves {archery}
Will     .....                  x - +0 pair of boots
Stlth    +++.......             f - amulet of reflection
HPRegen  0.23/turn              m - ring of see invisible
MPRegen  0.18/turn              (no ring)

@: ice-armoured, studying Hexes
A: fangs 1, strong nose, distributed training
a: Renounce Religion, Channel Magic


You were on level 10 of the Dungeon.
You worshipped Sif Muna.
Sif Muna was pleased with you.
You visited 2 branches of the dungeon, and saw 11 of its levels.
You also visited: Bailey.

You collected 998 gold pieces.

Inventory:

Hand Weapons
 D - a +0 spectral quarterstaff (weapon)
 G - the +1 shortbow of Fujutzug {vorpal, Fragile rF- rN+ Dex+4}
   (You found it in a bailey)

   Any arrow fired from it inflicts extra damage.
   It affects your dexterity (+4).
   It makes you vulnerable to fire.
   It protects you from negative energy.
   It will be destroyed if unequipped.
 K - the +3 spear of Suicidal Tendencies {drain, rF++ Will+}
   (You found it on level 9 of the Dungeon)

   A truly terrible weapon, it drains the life of those it strikes.
   It greatly protects you from fire.
   It increases your willpower.
Missiles
 g - a throwing net
Armour
 d - a +0 pair of gloves of archery (worn)
 n - the +1 leather armour "Atuowul" {Dex+4}
   (You found it on level 4 of the Dungeon)

   It affects your dexterity (+4).
 o - a +2 leather armour of cold resistance (worn)
 t - a +2 hat (worn)
 x - a +0 pair of boots (worn)
Jewellery
 f - an amulet of reflection (around neck)
 h - a ring of ice
 k - an amulet of the acrobat
 m - a ring of see invisible (left hand)
Wands
 c - a wand of charming (9)
 u - a wand of mindburst (6)
 A - a wand of acid (14)
 B - a wand of flame (42)
 E - a wand of iceblast (8)
Scrolls
 i - 2 scrolls of enchant armour
 j - 4 scrolls of fog
 p - 2 scrolls of blinking
 q - 2 scrolls of teleportation
 s - 2 scrolls of enchant weapon
 y - 2 scrolls of immolation
 I - a scroll of brand weapon
 J - a scroll of vulnerability {unknown}
 L - a scroll of torment {unknown}
 N - a scroll of silence {unknown}
 O - a scroll of summoning
 P - a scroll of fear
Potions
 a - a potion of berserk rage {unknown}
 b - 6 potions of curing
 e - 2 potions of haste
 r - 4 potions of magic
 w - 2 potions of flight
 C - a potion of ambrosia
Miscellaneous
 F - a lightning rod (4/4)
 H - a condenser vane


   Skills:
 + Level 6.5 Fighting
 + Level 6.5 Short Blades
 + Level 6.5 Long Blades
 + Level 6.5 Axes
 + Level 6.5 Maces & Flails
 + Level 6.5 Polearms
 + Level 6.5 Staves
 + Level 6.5 Slings
 + Level 6.5 Bows
 + Level 6.5 Crossbows
 + Level 6.5 Throwing
 + Level 6.5 Armour
 + Level 8.0 Dodging
 + Level 7.8 Stealth
 + Level 6.5 Shields
 + Level 6.5 Unarmed Combat
 + Level 8.3 Spellcasting
 + Level 5.3 Conjurations
 + Level 6.3 Hexes
 + Level 5.3 Summonings
 + Level 5.3 Necromancy
 + Level 5.3 Translocations
 + Level 5.3 Transmutations
 + Level 5.3 Fire Magic
 + Level 9.0 Ice Magic
 + Level 5.3 Air Magic
 + Level 5.3 Earth Magic
 + Level 5.3 Poison Magic
 + Level 7.1 Invocations
 + Level 6.5 Evocations


You had 3 spell levels left.
You knew the following spells:

 Your Spells              Type           Power      Damage    Failure   Level
a - Freeze                Ice            100%       1d11      1%          1
b - Frozen Ramparts       Ice            80%        1d10      1%          3
c - Ozocubu's Armour      Ice            40%        N/A       1%          3
d - Metabolic Englaciati  Hex/Ice        17%        N/A       16%         5
e - Hailstorm             Conj/Ice       33%        3d8       7%          4
f - Summon Ice Beast      Ice/Summ       33%        N/A       7%          4
g - Mephitic Cloud        Conj/Pois/Air  26%        N/A       4%          3

Your spell library contained the following spells:

 Spells                   Type           Power      Damage    Failure   Level
 Animate Skeleton         Necr           52%        N/A       1%          1
 Apportation              Tloc           52%        N/A       1%          1
 Corona                   Hex            33%        N/A       1%          1
 Pain                     Necr           100%       1d9       1%          1
 Sting                    Tmut/Pois      100%       1d8       1%          1
 Summon Small Mammal      Summ           100%       N/A       1%          1
 Poisonous Vapours        Pois/Air       52%        N/A       2%          2
 Confusing Touch          Hex            30%        N/A       2%          3
 Gell's Gravitas          Tloc           13%        N/A       4%          3
 Ignite Poison            Fire/Tmut/Pois 26%        N/A       4%          3
 Vampiric Draining        Necr           13%        2d7       4%          3
 Ice Form                 Ice/Tmut       33%        N/A       7%          4
 Animate Dead             Necr           13%        N/A       14%         4
 Olgreb's Toxic Radiance  Pois           26%        N/A       14%         4
 Petrify                  Tmut/Erth      26%        N/A       14%         4
 Yara's Violent Unravell  Hex/Tmut       14%        3d7       32%         5
 Agony                    Necr           26%        N/A       36%         5
 Simulacrum               Ice/Necr       16%        N/A       71%         6
 Freezing Cloud           Conj/Ice/Air   15%        6-21      78%         6
 Ozocubu's Refrigeration  Ice            20%        4d9       95%         7


Dungeon Overview and Level Annotations

Branches:
Dungeon (10/15)            Temple (1/1) D:4          Bailey (visited)
   Lair: D:8-11         Orc: D:9-12

Altars:
Ashenzari
Cheibriados
Dithmenos
Elyvilon
Fedhas
Gozag
Hepliaklqana
Kikubaaqudgha
Makhleb
Nemelex Xobeh
Okawaru
Qazlal
Ru
Sif Muna
Trog
Uskayaw
Vehumet
Wu Jian
Xom
Yredelemnul
Zin
The Shining One
Lugonu

Shops:
D:5 =

Portals:
Trove: D:10 (give horn of Geryon)

Annotations:
D:10 Urug


Innate Abilities, Weirdness & Mutations

You have very sharp teeth.
Your uncanny sense of smell can sniff out nearby items.
Your experience applies equally to all skills.


Message History

Your spectral weapon hits Urug.
Urug hits you with a +5 broad axe of electrocution!!
Urug barely misses your spectral weapon.
You hit Urug.
Urug is moderately wounded.
Your spectral weapon barely misses Urug.
Urug hits you with a +5 broad axe of electrocution!
You are electrocuted!!
Urug hits your ice beast with a +5 broad axe of electrocution!!
Urug hits your spectral weapon with a +5 broad axe of electrocution!
Your spectral weapon shares its damage with you!
Urug hits your ice beast with a +5 broad axe of electrocution!!
Casting: Metabolic Englaciation (dangerous; 16% risk of failure)
Confirm with . or Enter, or press ? or * to list all spells.
A film of ice covers your body!
Your ice beast hits Urug.
Your ice beast freezes Urug!
Your ice beast closely misses Urug.
You block Urug's attack.
Urug hits your ice beast with a +5 broad axe of electrocution!
Your ice beast dies!
Urug hits your ice beast with a +5 broad axe of electrocution!!
Lightning courses through your ice beast!
Your ice beast dies!
You closely miss Urug.
Urug is heavily wounded.
Your spectral weapon barely misses Urug.
Urug hits you but does no damage.
You are electrocuted!
* * * LOW HITPOINT WARNING * * *
Urug hits your spectral weapon with a +5 broad axe of electrocution!
Your spectral weapon shares its damage with you!
Urug hits your ice beast with a +5 broad axe of electrocution!
Lightning courses through your ice beast!!
Your ice beast dies!
* * * LOW HITPOINT WARNING * * *
It was a potion of magic.
Magic courses through your body. Urug misses you.
It was a potion of curing.
You feel better.
Urug hits you with a +5 broad axe of electrocution!
* * * LOW HITPOINT WARNING * * *
You feel better.
Urug hits you with a +5 broad axe of electrocution!!
You die...

#########. #.........
#.#######. #Y#######.
######### Y.......#.
#.o.....# .e......#.
#.@.....#
..........#####.......#
........##............#
...#..#.##..............
##.#..#.##............##
##.#.<#.##............#
#....##.##............#
#....##.#....##.......#
#....##.#...(#####......


You could see Urug.

Vanquished Creatures
  Fannar (D:10)
  A hydra (D:10)
  The ghost of MikuNakano the Cleaver, a novice VSFi of Qazlal (D:8)
  A necromancer (D:9)
  An ugly thing (D:8)
  Joseph (D:7)
  A hornet (D:7)
  Grinder (D:6)
  3 wraiths (D:10)
  9 yaks
  A steam dragon (D:7)
  Eustachio (D:4)
  An acid dragon (D:8)
  A water moccasin (D:7)
  6 orc warriors (Bailey)
  2 ice beasts
  2 sky beasts (D:8)
  2 necrophages
  6 black bears
  2 ogres
  A centaur (D:6)
  3 kobold brigands
  5 bullfrogs
  A wyvern zombie (D:7)
  A scorpion (D:4)
  4 killer bees (D:9)
  4 wights (D:9)
  7 howler monkeys
  4 crimson imps (D:7)
  4 centaur zombies
  6 bullfrog zombies (D:6)
  2 jellies
  4 hounds
  A gnoll shaman (D:6)
  2 orc priests
  2 iguanas
  A bullfrog skeleton (D:7)
  7 orc wizards
  A killer bee zombie (D:6)
  A hound zombie (D:5)
  9 gnolls
  2 howler monkey skeletons
  8 adders
  A shadow imp (D:8)
  3 white imps
  4 worms
  2 dart slugs (D:1)
  25 orcs
  7 bats
  6 endoplasms
  4 giant cockroaches
  10 goblins
  15 hobgoblins
  8 jackals
  29 kobolds
  6 quokkas
  9 ball pythons
  4 frilled lizards
  9 rats
266 creatures vanquished.

Vanquished Creatures (collateral kills)
  Josephine (D:10)
  A wraith (D:10)
  A nameless horror (D:10)
  An orc warrior (D:10)
4 creatures vanquished.

Vanquished Creatures (others)
  13 plants (D:6)
13 creatures vanquished.

Grand Total: 283 creatures vanquished

Notes
Turn   | Place    | Note
-------+----------+-------------------------------------------
     0 | D:1      | robertstho the Gnoll Ice Elementalist began the quest for
                  | the Orb.
     0 | D:1      | Reached XP level 1. HP: 13/13 MP: 6/6
   350 | D:1      | Reached XP level 2. HP: 14/19 MP: 3/7
  1214 | D:1      | Reached skill level 5 in Spellcasting
  1214 | D:1      | Reached XP level 3. HP: 20/25 MP: 4/9
  1729 | D:1      | Learned a level 3 spell: Frozen Ramparts
  1733 | D:1      | Learned a level 3 spell: Ozocubu's Armour
  1764 | D:1      | Reached skill level 1 in Invocations
  2293 | D:2      | Reached skill level 1 in Fighting
  2293 | D:2      | Reached skill level 1 in Short Blades
  2293 | D:2      | Reached skill level 1 in Long Blades
  2293 | D:2      | Reached skill level 1 in Axes
  2293 | D:2      | Reached skill level 1 in Maces & Flails
  2293 | D:2      | Reached skill level 1 in Polearms
  2293 | D:2      | Reached skill level 1 in Staves
  2293 | D:2      | Reached skill level 1 in Slings
  2293 | D:2      | Reached skill level 1 in Bows
  2293 | D:2      | Reached skill level 1 in Crossbows
  2293 | D:2      | Reached skill level 1 in Throwing
  2293 | D:2      | Reached skill level 1 in Armour
  2293 | D:2      | Reached skill level 1 in Shields
  2293 | D:2      | Reached skill level 1 in Unarmed Combat
  2293 | D:2      | Reached skill level 1 in Evocations
  2298 | D:2      | Reached XP level 4. HP: 32/32 MP: 6/11
  2548 | D:2      | Reached skill level 1 in Conjurations
  2548 | D:2      | Reached skill level 1 in Hexes
  2548 | D:2      | Reached skill level 1 in Summonings
  2548 | D:2      | Reached skill level 1 in Necromancy
  2548 | D:2      | Reached skill level 1 in Translocations
  2548 | D:2      | Reached skill level 1 in Transmutations
  2548 | D:2      | Reached skill level 1 in Fire Magic
  2548 | D:2      | Reached skill level 1 in Air Magic
  2548 | D:2      | Reached skill level 1 in Earth Magic
  2548 | D:2      | Reached skill level 1 in Poison Magic
  3062 | D:3      | Reached XP level 5. HP: 37/37 MP: 8/12
  3581 | D:4      | Learned a level 5 spell: Metabolic Englaciation
  3693 | D:4      | Noticed an ice beast
  3740 | D:4      | Killed an ice beast
  3741 | D:4      | Reached XP level 6. HP: 27/44 MP: 14/14
  3930 | D:4      | Found a staircase to the Ecumenical Temple.
  3936 | Temple   | Entered the Ecumenical Temple
  4067 | D:4      | Reached skill level 5 in Dodging
  4137 | D:4      | Noticed a black bear
  4140 | D:4      | Killed a black bear
  4154 | D:4      | Found an iron altar of Okawaru.
  4261 | D:4      | Noticed a necrophage
  4276 | D:4      | Killed a necrophage
  4277 | D:4      | Reached XP level 7. HP: 40/50 MP: 15/15
  4639 | D:4      | Identified the +1 leather armour "Atuowul" {Dex+4}
  4673 | D:4      | Noticed Eustachio
  4692 | D:4      | Killed Eustachio
  4693 | D:4      | Reached skill level 5 in Stealth
  4915 | D:4      | Learned a level 4 spell: Hailstorm
  5104 | D:4      | Found a shimmering blue altar of Sif Muna.
  5268 | D:4      | Became a worshipper of Sif Muna the Loreminder
  5474 | D:5      | Entered Level 5 of the Dungeon
  5538 | D:5      | Reached XP level 8. HP: 50/57 MP: 0/16
  5650 | D:5      | Found Eliaxu's Jewellery Emporium.
  5656 | D:5      | Noticed a yak
  5681 | D:5      | Killed a yak
  5684 | D:5      | Noticed a yak
  5685 | D:5      | Noticed a yak
  5696 | D:5      | Killed a yak
  5698 | D:5      | Killed a yak
  6474 | D:6      | Noticed Grinder
  6489 | D:6      | Paralysed by Grinder for 6 turns
  6526 | D:6      | Reached XP level 9. HP: 64/65 MP: 10/18
  6842 | D:6      | Reached * piety under Sif Muna
  6941 | D:6      | Reached skill level 8 in Ice Magic
  7083 | D:6      | Found a basalt altar of Yredelemnul.
  7716 | D:6      | Paralysed by Grinder for 4 turns
  7727 | D:6      | Killed Grinder
  8202 | D:7      | Found a shimmering altar of Xom.
  8210 | D:7      | Reached skill level 5 in Invocations
  8334 | D:7      | Noticed a hornet
  8351 | D:7      | Killed a hornet
  8352 | D:7      | Reached XP level 10. HP: 41/73 MP: 6/20
  8406 | D:7      | Reached skill level 5 in Fighting
  8406 | D:7      | Reached skill level 5 in Short Blades
  8406 | D:7      | Reached skill level 5 in Long Blades
  8406 | D:7      | Reached skill level 5 in Axes
  8406 | D:7      | Reached skill level 5 in Maces & Flails
  8406 | D:7      | Reached skill level 5 in Polearms
  8406 | D:7      | Reached skill level 5 in Staves
  8406 | D:7      | Reached skill level 5 in Slings
  8406 | D:7      | Reached skill level 5 in Bows
  8406 | D:7      | Reached skill level 5 in Crossbows
  8406 | D:7      | Reached skill level 5 in Throwing
  8406 | D:7      | Reached skill level 5 in Armour
  8406 | D:7      | Reached skill level 5 in Shields
  8406 | D:7      | Reached skill level 5 in Unarmed Combat
  8406 | D:7      | Reached skill level 5 in Evocations
  8719 | D:7      | Found a radiant altar of Vehumet.
  8735 | D:7      | Noticed Joseph
  8744 | D:7      | Killed Joseph
  9013 | D:7      | Found a hide-covered altar of Uskayaw.
  9196 | D:7      | Reached ** piety under Sif Muna
  9609 | D:8      | Found a broken altar of Ashenzari.
  9618 | D:8      | Found a runed translucent door.
  9619 | D:8      | Noticed a brown ugly thing
  9619 | D:8      | Noticed MikuNakano's ghost (novice VSFi)
  9804 | D:8      | Found a stormy altar of Qazlal.
  9816 | D:8      | Found a sparkling altar of Nemelex Xobeh.
  9816 | D:8      | Found a hazy altar of Hepliaklqana.
  9816 | D:8      | Found a glowing silver altar of Zin.
  9820 | D:8      | Found a blossoming altar of Fedhas.
  9976 | D:8      | Found a flagged portal.
  9985 | Bailey   | Entered a bailey
 10911 | Bailey   | Identified the +1 shortbow of Fujutzug {vorpal, Fragile rF-
                  | rN+ Dex+4}
 11086 | D:8      | Found an ancient bone altar of Kikubaaqudgha.
 11297 | D:8      | Killed a brown ugly thing
 11301 | D:8      | Killed MikuNakano's ghost
 11302 | D:8      | Reached skill level 5 in Hexes
 11521 | D:9      | Identified the +3 spear of Suicidal Tendencies {drain, rF++
                  | Will+}
 11616 | D:9      | Reached XP level 11. HP: 73/81 MP: 18/22
 12352 | D:9      | Noticed a necromancer
 12362 | D:9      | Killed a necromancer
 12363 | D:9      | Reached skill level 5 in Conjurations
 12363 | D:9      | Reached skill level 5 in Summonings
 12363 | D:9      | Reached skill level 5 in Necromancy
 12363 | D:9      | Reached skill level 5 in Translocations
 12363 | D:9      | Reached skill level 5 in Transmutations
 12363 | D:9      | Reached skill level 5 in Fire Magic
 12363 | D:9      | Reached skill level 5 in Air Magic
 12363 | D:9      | Reached skill level 5 in Earth Magic
 12363 | D:9      | Reached skill level 5 in Poison Magic
 12842 | D:10     | Entered Level 10 of the Dungeon
 12843 | D:10     | Noticed Fannar
 12859 | D:10     | Reached *** piety under Sif Muna
 12903 | D:10     | Learned a level 4 spell: Summon Ice Beast
 12907 | D:10     | Learned a level 3 spell: Mephitic Cloud
 12994 | D:10     | Found a portal to a secret trove of treasure.
 13001 | D:10     | Noticed a seven-headed hydra
 13024 | D:10     | Killed a seven-headed hydra
 13062 | D:10     | Noticed Josephine
 13071 | D:10     | Killed Fannar
 13074 | D:10     | Killed Josephine
 13075 | D:10     | Reached skill level 9 in Ice Magic
 13629 | D:10     | Noticed Urug
 13653 | D:10     | Slain by Urug

Illustrated notes

Levels and vault maps discovered:
D:1:      dpeg_arrival_renting, layout_basic
D:2:      layout_rooms
D:3:      layout_basic
D:4:      layout_loops_ring, okawaru_altar_gauntlet_db, marbit_many_paths,
          minmay_temple_entry_hall, uniq_eustachio
D:5:      layout_rooms, serial_shops, shop
D:6:      minmay_bubble_buster, layout_loops_ring,
          nicolae_yredelemnul_corpse_copse, serial_bayou_lagoon_a,
          hangedman_decor_opposing, st_stairs_14, uniq_grinder
D:7:      layout_loops_ring, amcnicky_altar_gilded, led_xom_imps,
          general_overflow_altar, minmay_manual_mandibuliform, uniq_joseph
D:8:      layout_rooms, nicolae_overflow_crystal_walls,
          cheibrodos_ashenzari_chains, minitemple, ebering_ghost_inner_flame,
          enter_bailey_8
D:9:      layout_loops_ring, minmay_librarian
D:10:     layout_basic, david_lair_shrubbed, nicolae_trove_entry_free_sample,
          uniq_nergalle, uniq_harold, uniq_grum, uniq_urug, uniq_josephine,
          uniq_fannar
Temple:   kb_corrupted_temple

Skill      XL: |  1  2  3  4  5  6  7  8  9 10 11 |
---------------+----------------------------------+-----
Spellcasting   | 5 6 7 8 |  8.3
Invocations    | 1 2 3 4 5 6 7 |  7.1
Fighting       | 1 2 3 4 5 6 |  6.5
Short Blades   | 1 2 3 4 5 6 |  6.5
Long Blades    | 1 2 3 4 5 6 |  6.5
Axes           | 1 2 3 4 5 6 |  6.5
Maces & Flails | 1 2 3 4 5 6 |  6.5
Polearms       | 1 2 3 4 5 6 |  6.5
Staves         | 1 2 3 4 5 6 |  6.5
Slings         | 1 2 3 4 5 6 |  6.5
Bows           | 1 2 3 4 5 6 |  6.5
Crossbows      | 1 2 3 4 5 6 |  6.5
Throwing       | 1 2 3 4 5 6 |  6.5
Armour         | 1 2 3 4 5 6 |  6.5
Shields        | 1 2 3 4 5 6 |  6.5
Unarmed Combat | 1 2 3 4 5 6 |  6.5
Evocations     | 1 2 3 4 5 6 |  6.5
Conjurations   | 1 2 3 4 5 |  5.3
Hexes          | 1 2 3 4 5 6 |  6.3
Summonings     | 1 2 3 4 5 |  5.3
Necromancy     | 1 2 3 4 5 |  5.3
Translocations | 1 2 3 4 5 |  5.3
Transmutations | 1 2 3 4 5 |  5.3
Fire Magic     | 1 2 3 4 5 |  5.3
Air Magic      | 1 2 3 4 5 |  5.3
Earth Magic    | 1 2 3 4 5 |  5.3
Poison Magic   | 1 2 3 4 5 |  5.3
Dodging        | 5 6 7 8 |  8.0
Stealth        | 5 6 7 |  7.8
Ice Magic      | 8 9 |  9.0

Action                   |  1- 3 |  4- 6 |  7- 9 | 10-12 || total
-------------------------+-------+-------+-------+-------++-------
Melee: Unarmed           |    92 |       |       |       ||    92
       Bite              |    10 |     7 |     8 |    13 ||    38
       Short sword       |     9 |    89 |    47 |       ||   145
       Dagger            |     1 |       |       |       ||     1
       Punch             |       |     1 |     1 |       ||     2
       Hand axe          |       |       |   134 |    14 ||   148
       Quarterstaff      |       |       |       |   122 ||   122
       Spear             |       |       |       |    25 ||    25
 Cast: Freeze            |    34 |    13 |    23 |    18 ||    88
       Frozen Ramparts   |     4 |    13 |    32 |    36 ||    85
       Hailstorm         |       |       |    19 |    34 ||    53
       Ozocubu's Armour  |       |       |     3 |     9 ||    12
       Metabolic Englaci |       |       |       |     8 ||     8
       Summon Ice Beast  |       |       |       |    20 ||    20
       Mephitic Cloud    |       |       |       |     1 ||     1
Invok: Channel Magic     |       |       |     2 |     4 ||     6
Evoke: Wand              |       |       |     3 |     1 ||     4
  Use: Scroll            |       |     4 |     4 |    10 ||    18
       Potion            |       |     4 |     2 |     7 ||    13
 Stab: Sleeping          |     7 |     3 |    11 |     3 ||    24
       Distracted        |       |       |       |     2 ||     2
Armor: Robe              |    29 |    10 |    12 |       ||    51
       Leather armour    |       |       |    42 |    70 ||   112
Dodge: Dodged            |   107 |    50 |   126 |   127 ||   410
Block: Other             |       |    11 |    31 |    53 ||    95
       Reflection        |       |     2 |     2 |     7 ||    11

Table legend: (Time is in decaauts)
 A = Elapsed time spent in this place.
 B = Non-inter-level travel time spent in this place.
 C = Inter-level travel time spent in this place.
 D = Time resting spent in this place.
 E = Time spent auto-exploring this place.
 F = Levels seen in this place.
 G = Mean time per level.
                   A        B        C        D        E       F      G
               +--------+--------+--------+--------+--------+-----+--------+
         Total |  13632 |  13168 |    464 |   1254 |   9748 |  12 | 1136.0 |
       Dungeon |  12502 |  12060 |    442 |   1002 |   9194 |  10 | 1250.2 |
        Temple |    109 |     88 |     21 |      0 |     88 |   1 |  109.0 |
        Bailey |   1020 |   1020 |      0 |    252 |    466 |   1 | 1020.0 |
               +--------+--------+--------+--------+--------+-----+--------+

Top non-repeatable levels by time:
     D:1: 2264 daAuts
     D:4: 1787 daAuts
     D:6: 1658 daAuts
     D:9: 1399 daAuts
     D:7: 1383 daAuts
     D:5: 1055 daAuts
  Bailey: 1020 daAuts
     D:8: 857 daAuts
    D:10: 826 daAuts
     D:3: 781 daAuts
     D:2: 488 daAuts
  Temple: 109 daAuts
